AoeStats
← Im Noob

African Clearing

510300814Analyzed
4v4 RM · 7h ago on Sep 30, 2026· 58m 58s· 8 players
Game mode
Random Map
Map size
Large (8 player)
Population
200
Speed
Normal
Resources
Standard
Victory
Conquest
Starting age
Dark Age
Ending age
Imperial Age
RankedLock teamsTeams togetherTeam positionsShared explorationLock speedFull tech treeHidden civsTurbo modeCheats
Victory
Defeat
🇹🇼 Koreans · Taiwan
1034
+15
🇨🇳 Persians · China
1020
+16
🇯🇵 Huns · Japan
1018
+16
🇬🇧 Spanish · United Kingdom
1007
+16
🇨🇦 Huns · Canada
1160
-21
🇨🇳 Spanish · China
1080
-18
🇨🇳 Poles · China
1018
-16
🇨🇦 Varangians · Canada
818
-8
LWwcnm
13:35 Feudal Age
16:20 Horse Collar
17:15 Fletching
18:15 Padded Archer Armor
21:22 Stone Mining
23:33 Castle Age
22:58 Gold Mining
23:40 Crossbowman
24:26 Thumb Ring
26:29 Double-Bit Axe
27:43 Loom
28:28 Bloodlines
34:10 Wheelbarrow
33:28 Town Watch
35:25 Heavy Plow
40:55 Imperial Age
38:37 Husbandry
39:53 Hand Cart
41:03 Scale Barding Armor
42:01 Conscription
42:35 Forging
46:28 Gold Shaft Mining
46:19 Marauders
50:03 Chain Barding Armor
50:19 Iron Casting
52:15 Elite Tarkan
53:44 Plate Barding Armor
54:10 Blast Furnace
53:28 Bow Saw
55:17 Bodkin Arrow
55:38 Leather Archer Armor
57:51 Parthian Tactics
57:37 Bracer
58:14 Heavy Cavalry Archer
爺爺使把勁
5:12 Loom
14:07 Feudal Age
15:17 Double-Bit Axe
21:51 Castle Age
23:08 Wheelbarrow
22:59 Stone Mining
23:04 Fletching
24:47 Horse Collar
32:30 Bodkin Arrow
34:56 Eupseong
37:44 Heavy Plow
37:53 Pikeman
38:34 Squires
45:55 Stone Shaft Mining
45:11 Gold Mining
49:27 Gold Mining
52:48 Imperial Age
51:32 Gold Shaft Mining
51:50 Ballistics
51:11 Treadmill Crane
52:42 Hand Cart
52:23 Heated Shot
52:56 Town Watch
54:49 Bracer
55:00 Siege Engineers
55:55 Chemistry
56:19 Town Patrol
55:52 Elite War Wagon
1684017744
8:23 Loom
17:53 Feudal Age
21:51 Castle Age
25:45 Padded Archer Armor
25:36 Fletching
26:57 Leather Archer Armor
27:05 Leather Archer Armor
36:47 Imperial Age
35:10 Horse Collar
37:03 Forging
36:53 Scale Mail Armor
37:01 Scale Barding Armor
37:36 Double-Bit Axe
37:43 Gold Mining
37:52 Stone Mining
38:20 Cavalier
39:33 Bloodlines
40:12 Husbandry
41:21 Heavy Plow
42:04 Iron Casting
44:43 Wheelbarrow
45:55 Chain Barding Armor
46:45 Blast Furnace
46:47 Hand Cart
46:26 Savar
48:28 Plate Barding Armor
48:56 Gold Shaft Mining
48:57 Stone Shaft Mining
51:26 Conscription
Asturon
4:52 Loom
14:56 Feudal Age
15:35 Double-Bit Axe
16:28 Horse Collar
20:38 Castle Age
19:50 Gold Mining
19:54 Stone Mining
21:41 Bow Saw
21:36 Heavy Plow
29:46 Wheelbarrow
33:33 Imperial Age
32:44 Padded Archer Armor
32:45 Town Watch
33:03 Husbandry
33:13 Bloodlines
33:51 Hand Cart
35:52 Two-Man Saw
35:26 Conscription
35:52 Leather Archer Armor
36:38 Forging
37:33 Supremacy
36:38 Cavalier
37:35 Scale Barding Armor
38:06 Iron Casting
38:05 Paladin
40:32 Blast Furnace
39:53 Chain Barding Armor
40:29 Elite Conquistador
44:58 Plate Barding Armor
46:35 Town Patrol
lhermite
13:20 Loom
16:37 Feudal Age
20:39 Castle Age
19:31 Fletching
19:50 Double-Bit Axe
19:46 Horse Collar
25:49 Ballistics
26:19 Bloodlines
30:50 Husbandry
31:49 Bodkin Arrow
36:12 Wheelbarrow
35:49 Bow Saw
35:40 Heavy Plow
38:56 Scale Barding Armor
41:39 Imperial Age
39:26 Hand Cart
40:06 Chain Barding Armor
43:50 Conscription
45:28 Thumb Ring
45:55 Parthian Tactics
46:04 Bracer
47:03 Marauders
47:44 Plate Barding Armor
47:20 Forging
48:06 Heavy Cavalry Archer
49:26 Light Cavalry
51:43 Hussar
56:48 Pikeman
57:28 Squires
Krypp
14:25 Feudal Age
19:05 Castle Age
17:13 Double-Bit Axe
17:19 Horse Collar
23:12 Bow Saw
28:21 Imperial Age
31:42 Bloodlines
30:52 Light Cavalry
31:33 Husbandry
34:10 Scale Barding Armor
35:46 Forging
38:23 Hussar
46:25 Chemistry
45:45 Ballistics
45:22 Fletching
46:35 Chain Barding Armor
48:37 Bodkin Arrow
49:17 Plate Barding Armor
Im Noob
15:42 Feudal Age
20:55 Castle Age
39:34 Wheelbarrow
40:48 Double-Bit Axe
41:43 Horse Collar
43:15 Hand Cart
43:17 Heavy Plow
43:42 Gold Mining
44:08 Bow Saw
47:35 Imperial Age
47:21 Ballistics
46:57 Murder Holes
48:17 Scale Barding Armor
48:05 Fletching
47:46 Elite Conquistador
48:47 Conscription
49:58 Bodkin Arrow
50:04 Padded Archer Armor
赢嘤嘤嘤嘤因
15:11 Feudal Age
17:14 Bloodlines
19:31 Wheelbarrow
19:27 Scale Barding Armor
30:32 Castle Age
32:18 Stone Mining
31:54 Light Cavalry
32:48 Double-Bit Axe
32:48 Horse Collar
33:44 Hand Cart
33:16 Loom
36:18 Chain Barding Armor
35:52 Town Watch
38:04 Padded Archer Armor
40:32 Elite Skirmisher
Connection lost

Rejoining the realm…

Still unreachable

The connection could not be restored.

Session expired

The server has moved on; the page needs a fresh start.